 Dungeon Crawl Stone Soup version 0.18-a0-1497-g788d838 (webtiles) character file.

370 JustSomeDude the Shield-Bearer (level 6, 0/47 HPs)
             Began as a Demonspawn Fighter on Mar 4, 2016.
             Slain by a gnoll
             ... wielding a +0 flail
              (8 damage)
             ... on level 4 of the Dungeon.
             The game lasted 00:05:27 (2161 turns).

JustSomeDude the Shield-Bearer (Demonspawn Fighter) Turns: 2161, Time: 00:05:27

Health: 0/47       AC: 12    Str: 18    XL:     6   Next: 42%
Magic:  6/6        EV: 10    Int:  9    God:
Gold:   142        SH:  3    Dex: 13    Spells: 0 memorised, 5 levels left

rFire  + . .     SeeInvis .     d - +4 scythe (vamp)
rCold  . . .     Gourm    .     b - +0 scale mail
rNeg   . . .     Faith    .     (shield currently unavailable)
rPois  .         Spirit   .     (no helmet)
rElec  .         Dismiss  .     (no cloak)
rCorr  .         Reflect  .     j - +1 pair of gloves
SustAt .         Harm     .     (no boots)
MR     .....                    (no amulet)
Stlth  ..........               (no ring)
                                (no ring)

@: not resistant to hostile enchantments, extremely unstealthy
A: large bone plates 2, fire resistance 1
a: no special abilities


You were on level 4 of the Dungeon.
You were not hungry.

You visited 1 branch of the dungeon, and saw 4 of its levels.

You collected 142 gold pieces.

Inventory:

Hand Weapons
 a - a +0 long sword
 d - a +4 vampiric scythe (weapon)
Armour
 b - a +0 scale mail (worn)
 c - a +0 shield
 j - a +1 pair of gloves (worn)
Scrolls
 e - a scroll of noise
 h - a scroll of amnesia
 n - 3 scrolls of teleportation
 o - a scroll of remove curse
 p - 5 scrolls of identify
 r - 4 scrolls of enchant armour
 t - a scroll of random uselessness
Potions
 i - 2 potions of flight
Comestibles
 f - 4 bread rations
 k - a slice of pizza
 l - a beef jerky
 m - 2 meat rations


   Skills:
 + Level 3.5 Fighting
 + Level 3.1 Long Blades
 + Level 0.3 Polearms
 + Level 3.9 Armour
 + Level 2.0 Dodging
 + Level 4.4 Shields


You had 5 spell levels left.
You didn't know any spells.

Dungeon Overview and Level Annotations

Branches:
Dungeon (4/15)
 Temple: D:4-7

Altars:
Cheibriados


Innate Abilities, Weirdness & Mutations

You are mostly covered in large bone plates (AC +3, SH +3).
Your flesh is heat resistant.


Message History

Unknown command.
Unknown command.
You closely miss the gnoll. You block the gnoll's attack.
The gnoll closely misses you. x2; The gnoll barely misses you.
Read which item? (? for menu, Esc to quit)
Okay, then.
Unknown command.
You slash the gnoll!
You feel better.
The gnoll is severely wounded.
The gnoll misses you.
The gnoll hits you but does no damage. x2
You barely miss the gnoll.
The gnoll is severely wounded.
The gnoll barely misses you.
The gnoll hits you from afar with a halberd.
* * * LOW HITPOINT WARNING * * *
The gnoll closely misses you.
You barely miss the gnoll.
The gnoll is severely wounded.
The gnoll hits you but does no damage. The gnoll hits you with a flail!
You die...

#..............##.
#..........$......
#..........†......
#..........(..#...
######...#........
#...#.##.....
#.g..g.###?..
##g##........
#)@###....... #..#
#...#.. #...#
....$. #.#..
..##.. #!#.. .##
#. #....# #.....
.>.. #$ ...


You could see 2 gnolls.

Vanquished Creatures
  Sigmund (D:3)
  A scorpion (D:3)
  Ijyb (D:3)
  A worker ant (D:4)
  2 adders
  A gnoll (D:4)
  An ooze (D:2)
  2 worms
  2 dart slugs
  3 giant geckos
  8 orcs (D:3)
  A ball python (D:3)
  16 bats
  4 giant cockroaches
  9 goblins
  5 hobgoblins
  2 jackals (D:3)
  5 kobolds
  A giant newt (D:3)
  10 rats
76 creatures vanquished.

Notes
Turn   | Place    | Note
--------------------------------------------------------------
     0 | D:1      | JustSomeDude the Demonspawn Fighter began the quest for the Orb.
     0 | D:1      | Reached XP level 1. HP: 18/18 MP: 1/1
   286 | D:1      | Gained mutation: You are partially covered in large bone plates (AC +2, SH +2). [demonic ancestry]
   286 | D:1      | Reached XP level 2. HP: 17/24 MP: 2/2
   630 | D:1      | Reached skill level 3 in Shields
   773 | D:2      | Reached XP level 3. HP: 29/29 MP: 3/3
  1321 | D:2      | Found a snail-covered altar of Cheibriados.
  1372 | D:3      | Gained mutation: You are mostly covered in large bone plates (AC +3, SH +3). [demonic ancestry]
  1372 | D:3      | Reached XP level 4. HP: 35/35 MP: 4/4
  1494 | D:3      | Noticed Sigmund
  1504 | D:3      | Killed Sigmund
  1504 | D:3      | Reached skill level 1 in Dodging
  1504 | D:3      | Reached skill level 4 in Shields
  1504 | D:3      | Reached XP level 5. HP: 41/41 MP: 5/5
  1525 | D:3      | Noticed Ijyb
  1531 | D:3      | Killed Ijyb
  1532 | D:3      | Gained mutation: Your flesh is heat resistant. [demonic ancestry]
  1532 | D:3      | Reached XP level 6. HP: 45/47 MP: 6/6
  2161 | D:4      | Slain by a gnoll

Vault maps used:
D:1:      evilmike_arrival_crescent
D:2:      cheibriados_altar_1
D:3:      roderic_batcave, uniq_iyjb, uniq_sigmund
D:4:      gup_sewer_entry_spiral, uniq_duvessa

Skill      XL: |  1  2  3  4  5  6 |
---------------+-------------------+-----
Armour         | 3 |  3.9
Shields        | 3 4 |  4.4
Long Blades    | 2 3 |  3.1
Dodging        | 1 2 |  2.0
Fighting       | |  3.5
Polearms       | |  0.3

Action                   |  1- 3 |  4- 6 || total
-------------------------+-------+-------++-------
Melee: Long sword        |   143 |    39 ||   182
       Scythe            |       |    86 ||    86
  Use: Potion            |       |     6 ||     6
       Scroll            |       |     7 ||     7
  Eat: Chunk             |     2 |       ||     2
       Fruit             |       |     2 ||     2
       Meat ration       |       |     1 ||     1
       Beef jerky        |       |     1 ||     1
